 Dungeon Crawl Stone Soup version 0.27-a0-1291-geefcff550b (webtiles) character file.

Game seed: 1234354172123924458

103 benadryl the Shield-Bearer (level 4, -5/29 HPs)
             Began as a Gargoyle Fighter on June 15, 2021.
             Killed by divine providence
             ... invoked by an orc priest
              (10 damage)
             ... on level 3 of the Dungeon.
             The game lasted 00:03:28 (2208 turns).

benadryl the Shield-Bearer (Gargoyle Fighter)       Turns: 2208, Time: 00:03:28

Health: -5/29      AC: 13    Str: 20    XL:     4   Next: 79%
Magic:  4/4        EV:  7    Int:  9    God:
Gold:   53         SH:  9    Dex:  9    Spells: 3/3 levels left

rFire    . . .     SeeInvis .   a - +0 war axe
rCold    . . .     Faith    .   c - +0 kite shield
rNeg     + . .     Spirit   .   b - +0 scale mail
rPois    ∞         Reflect  .   f - +2 helmet
rElec    +         Harm     .   (no cloak)
rCorr    .         Rampage  .   (no gloves)
Will     .....                  (no boots)
Stlth    ..........             k - amulet of the acrobat
HPRegen  0.09/turn              (no ring)
MPRegen  0.09/turn              (no ring)

@: no status effects
A: sickness immunity, AC +3, negative energy resistance 1, electricity
resistance, torment resistance 1, petrification resistance
a: no special abilities


You were on level 3 of the Dungeon.
You visited 1 branch of the dungeon, and saw 3 of its levels.

You collected 53 gold pieces.

Inventory:

Hand Weapons
 a - a +0 war axe (weapon)
Missiles
 g - a boomerang (quivered)
Armour
 b - a +0 scale mail (worn)
 c - a +0 kite shield (worn)
 f - a +2 helmet (worn)
Jewellery
 k - an amulet of the acrobat (around neck)
Potions
 e - a potion of heal wounds {unknown}
 j - a potion of mutation
 l - a potion of curing {unknown}


   Skills:
 + Level 4.3 Fighting
 + Level 2.9 Axes
 - Level 3.2 Armour
 + Level 4.3 Shields


You had 3 spell levels left.
You didn't know any spells.
Your spell library was empty.

Dungeon Overview and Level Annotations

Branches:
Dungeon (3/15)

Altars:
Trog

Shops:
D:2 :


Innate Abilities, Weirdness & Mutations

You are immune to sickness and miasma.
Your stone body is resilient. (AC +3)
You are immune to poison.
You resist negative energy. (rN+)
You are resistant to electric shocks. (rElec)
You are resistant to unholy torment.
You are immune to petrification.


Message History

An orc comes into view. It is wielding a +0 short sword.
You hit the orc.
The orc is moderately wounded.
The orc hits you but does no damage. x2
The orc priest miscasts a cantrip.
You hit the orc.
The orc is heavily wounded.
You block the orc's attack. The orc hits you but does no damage.
You barely miss the orc.
The orc is heavily wounded.
You block the orc's attack.
You hit the orc but do no damage.
The orc is heavily wounded.
The orc barely misses you.
The orc priest mumbles some strange prayers to Beogh against you.
Beogh smites you! You block the orc's attack.
The orc priest calls down the wrath of Beogh upon you.
Beogh smites you!
* * * LOW HITPOINT WARNING * * *
You hit the orc.
The orc is severely wounded.
The orc barely misses you.
The orc priest looks encouraged for a moment.
Your shield and scale mail prevent you from hitting the orc.
The orc is severely wounded.
You block the orc's attack.
A goblin comes into view. It is wielding a +0 club.
The orc hits you with a +3 hand axe.
* * * LOW HITPOINT WARNING * * *
You hit the orc but do no damage.
The orc is severely wounded.
The orc hits you with a +3 hand axe.
* * * LOW HITPOINT WARNING * * *
You hit the orc but do no damage.
The orc is severely wounded.
The orc hits you with a +3 hand axe.
* * * LOW HITPOINT WARNING * * *
The orc priest calls down the wrath of Beogh upon you.
Beogh smites you!
You die...

. .. ..g ..). #### .....
#... ....oS########
####...
....ooo@.....#####..#...
....########........#...
. ####..#......
##..##.##...
.#####..##.......
............##...
.[###..........)÷
...........###..
...........##...)


You could see an orc priest, 3 orcs, a goblin and a ball python.

Vanquished Creatures
  An orc wizard (D:3)
  2 adders
  A worm (D:3)
  3 dart slugs
  3 orcs (D:3)
  3 endoplasms
  2 giant cockroaches
  5 goblins
  9 hobgoblins
  2 kobolds (D:1)
  A quokka (D:1)
  4 ball pythons
  3 bats (D:1)
  4 frilled lizards
  7 rats
50 creatures vanquished.

Notes
Turn   | Place    | Note
-------+----------+-------------------------------------------
     0 | D:1      | benadryl the Gargoyle Fighter began the quest for the Orb.
     0 | D:1      | Reached XP level 1. HP: 14/14 MP: 1/1
   117 | D:1      | Reached XP level 2. HP: 16/19 MP: 2/2
   704 | D:1      | Reached XP level 3. HP: 24/24 MP: 3/3
  1220 | D:2      | Found Otiarhad's Book Boutique.
  1426 | D:2      | Found a faded altar of an unknown god.
  1801 | D:3      | Noticed a moth of wrath
  1803 | D:3      | Found a bloodstained altar of Trog.
  1822 | D:3      | Reached XP level 4. HP: 29/29 MP: 4/4
  2208 | D:3      | Killed from afar by an orc priest

Illustrated notes

Levels and vault maps discovered:
D:1:      saegor_arrival_simple_e, layout_basic
D:2:      layout_basic, shapermc_ecumenical_altar_notcrosses, serial_shops,
          shop, corner_web_ring, grunt_decor_one_mirror
D:3:      layout_rooms, tgw_trog, eino_tiny_chamber

Skill      XL: |  1  2  3 |
---------------+----------+-----
Axes           | 2 |  2.9
Fighting       | 4 |  4.3
Shields        | 4 |  4.3
Armour         | |  3.2

Action                   |  1- 3 |  4- 6 || total
-------------------------+-------+-------++-------
Melee: War axe           |   118 |    34 ||   152
Throw: Boomerang         |       |     5 ||     5
  Use: Scroll            |     4 |       ||     4
       Potion            |       |     1 ||     1
Armor: Scale mail        |    85 |    34 ||   119
Dodge: Dodged            |    37 |    19 ||    56
Block: Kite shield       |    64 |    17 ||    81

Table legend: (Time is in decaauts)
 A = Elapsed time spent in this place.
 B = Non-inter-level travel time spent in this place.
 C = Inter-level travel time spent in this place.
 D = Time resting spent in this place.
 E = Time spent auto-exploring this place.
 F = Levels seen in this place.
 G = Mean time per level.
                   A        B        C        D        E       F      G
               +--------+--------+--------+--------+--------+-----+--------+
         Total |   2304 |   2257 |     47 |    774 |   1045 |   3 |  768.0 |
       Dungeon |   2304 |   2257 |     47 |    774 |   1045 |   3 |  768.0 |
               +--------+--------+--------+--------+--------+-----+--------+

Top non-repeatable levels by time:
     D:1: 1015 daAuts
     D:2: 759 daAuts
     D:3: 529 daAuts
